 Dungeon Crawl Stone Soup version 0.19.5 (webtiles) character file.

42479 theElss the Basher (level 14, -6/90 HPs)
             Began as a Gargoyle Berserker on Apr 13, 2017.
             Was the Champion of Trog.
             Killed from afar by an ice dragon (37 damage)
             ... with a blast of cold
             ... in an ice cave.
             The game lasted 00:54:03 (15255 turns).

theElss the Basher (Gargoyle Berserker)            Turns: 15255, Time: 00:54:06

Health: -6/90      AC: 34    Str: 26    XL:     14   Next: 20%
Magic:  4/4        EV:  9    Int:  8    God:    Trog [******]
Gold:   877        SH: 10    Dex: 12    Spells: 0 memorised, 13 levels left

rFire  . . .     SeeInvis .     Q - +7 eveningstar (antimagic)
rCold  . . .     Gourm    .     e - +0 chain mail
rNeg   + + .     Faith    .     d - +0 buckler
rPois  ∞         Spirit   .     B - +0 helmet (curse)
rElec  +         Reflect  +     N - +0 cloak {rPois}
rCorr  .         Harm     .     K - +0 pair of gloves {Dex+3}
MR     +++..                    y - +2 pair of boots {run}
Stlth  ..........               z - +3 amulet of reflection
                                G - ring of positive energy
                                S - +5 ring of protection

@: flying, regenerating, quick
A: big wings, negative energy resistance 1, electricity resistance, unbreathing,
petrification resistance, rot immunity, AC +9
a: Stop Flying, Berserk, Trog's Hand, Brothers in Arms, Burn Spellbooks,
Renounce Religion


You were in an ice cave.
You worshipped Trog.
Trog was exalted by your worship.
You were not hungry.

You visited 1 branch of the dungeon, and saw 15 of its levels.
You also visited: Ice Cave.

You collected 877 gold pieces.

Inventory:

Hand Weapons
 P - a +9 flail of venom
 Q - a +7 antimagic eveningstar (weapon)
Armour
 d - a +0 buckler (worn)
 e - a +0 chain mail (worn)
 y - a +2 pair of boots of running (worn)
 B - a cursed +0 helmet (worn)
 K - a +0 pair of gloves of dexterity (worn)
 N - a +0 cloak of poison resistance (worn)
Jewellery
 m - an uncursed amulet of guardian spirit
 z - a +3 amulet of reflection (around neck)
 G - a ring of positive energy (right hand)
 H - an uncursed amulet of rage
 S - a +5 ring of protection (left hand)
Wands
 x - a wand of confusion (20/48)
 A - a wand of flame (20/48)
 E - a wand of flame (25/48)
 I - a wand of slowing (21/48)
 J - a wand of confusion (28/48)
 L - a wand of flame (16/48)
 V - a wand of random effects (32/48)
 W - a wand of flame (13/48)
 Z - a wand of random effects (14/48)
Scrolls
 g - 2 scrolls of blinking
 k - 3 scrolls of enchant weapon
 l - 2 scrolls of fear
 n - 5 scrolls of teleportation
 q - 7 scrolls of remove curse
 u - a scroll of silence
 w - 7 scrolls of recharging
 D - 6 scrolls of enchant armour
 T - a scroll of identify
 U - a scroll of magic mapping
Potions
 a - a potion of invisibility {unknown}
 b - a potion of ambrosia {unknown}
 f - a potion of cure mutation {unknown}
 h - a potion of mutation {unknown}
 j - 2 potions of magic
 p - a potion of degeneration {unknown}
 r - a potion of haste {unknown}
 t - 3 potions of heal wounds
 v - 6 potions of curing
 F - a potion of might {unknown}
 M - 2 potions of cancellation {unknown}
 R - a potion of beneficial mutation {unknown}
 X - a potion of resistance
Miscellaneous
 Y - a phantom mirror
Comestibles
 c - 6 bread rations
 i - 7 meat rations
 o - 36 fruits
 s - a beef jerky
 C - a royal jelly


   Skills:
 + Level 11.1 Fighting
 + Level 14.7 Maces & Flails
 + Level 10.1 Armour
 - Level 1.5 Dodging
 * Level 14.7 Shields


You had 13 spell levels left.
You didn't know any spells.

Dungeon Overview and Level Annotations

Branches:
Dungeon (15/15)            Temple (0/1) D:7            Lair (0/6) D:10
    Orc (0/2) D:9          Vaults (0/5) D:13
 Depths: D:15

Altars:
Dithmenos
Yredelemnul

Portals:
Trove: D:12 (give +2 gold dragon scales)


Innate Abilities, Weirdness & Mutations

You are resistant to torment.
Your stone body is resilient. (AC +9)
You are immune to poison.
Your large and strong wings let you fly indefinitely.
You resist negative energy. (rN+)
You are resistant to electric shocks. (rElec)
You can survive without breathing.
You are immune to petrification.
You are immune to rotting.


Message History

The blast of cold hits you!
Your skin crawls.
You feel resistant to hostile enchantments.
You feel somewhat more hungry.
You impale the ice dragon!!
The ice dragon is moderately wounded.
You completely miss the ice dragon.
The ice dragon is moderately wounded.
You bludgeon the ice dragon!!
The ice dragon is moderately wounded.
The ice dragon bites you. You block the ice dragon's attack. x2
The ice dragon closely misses you. The ice dragon claws you.
The ice dragon barely misses you.
You sock the ice dragon!
The ice dragon is moderately wounded.
The ice dragon bites you! You block the ice dragon's attack.
The ice dragon tramples you.
You hold your ground!
The ice dragon breathes frost at you. The blast of cold hits you!
You die...

#...##
###.###
##.#..#
#..##.##
#...#..#
##.#...##
#..#####
#...#
#D@##
#D## #..#
#..D.
##....$
.....$#
.....$#
#...$$#
..==##


You could see 2 ice dragons.

Vanquished Creatures
  Nessos (D:12)
  The ghost of Turgon the Carver, a journeyman OpBe of Trog (D:13)
  A hydra (D:10)
  A ghost crab (shapeshifter) (D:13)
  3 centaur warriors
  2 tengu warriors
  Nergalle (D:11)
  Sonja (D:13)
  4 unseen horrors
  A deep elf archer (D:13)
  4 hill giants
  5 deep elf magi
  3 ugly things
  An orc knight (D:15)
  A cyclops (D:15)
  2 manticores
  Maurice (D:9)
  Psyche (D:9)
  3 centaur skeletons
  A gargoyle (D:13)
  2 ice statues (IceCv)
  A rime drake (IceCv)
  A kobold demonologist (D:13)
  2 yaktaurs (D:13)
  2 guardian mummies (D:12)
  7 trolls
  3 hornets
  A tengu conjurer (D:14)
  2 two-headed ogres
  11 slime creatures
  3 hippogriffs
  A meliai zombie (D:13)
  2 water elementals (D:11)
  2 vampires
  A wraith (D:11)
  6 yaks
  5 hungry ghosts
  7 vampire mosquitoes
  2 mottled dragons
  A water moccasin (D:14)
  A hornet zombie (D:11)
  5 phantoms
  An eye of draining (D:12)
  A necrophage (D:11)
  8 orc warriors
  3 sky beasts
  24 centaurs
  21 ice beasts
  8 ogres
  A black bear (D:10)
  A crocodile (D:14)
  8 big kobolds
  5 bullfrogs
  6 gnoll sergeants
  2 wyvern zombies (D:14)
  4 scorpions
  13 killer bees
  10 wights
  4 howler monkeys
  4 electric eels (D:11)
  6 crimson imps
  4 bullfrog zombies
  6 jellies
  3 orc priests
  3 bullfrog skeletons
  5 hounds
  4 iguanas
  22 orc wizards
  13 worker ants
  3 hound skeletons
  3 hound zombies
  A worker ant zombie (D:11)
  11 gnolls
  22 adders
  3 shadow imps
  11 white imps (D:15)
  2 adder zombies
  An ooze (D:1)
  3 adder skeletons
  4 worms
  A dart slug (D:1)
  4 leopard geckos
  50 orcs
  7 giant cockroaches
  6 goblins
  13 hobgoblins
  9 jackals
  21 kobolds
  3 quokkas
  4 ball pythons
  10 bats
  8 frilled lizards
  A jackal skeleton (D:4)
  3 rats (D:1)
500 creatures vanquished.

Vanquished Creatures (collateral kills)
  A tengu warrior (D:15)
  A slime creature (D:15)
  A white imp (D:15)
3 creatures vanquished.

Vanquished Creatures (others)
  A centaur warrior (D:13)
  A yaktaur (D:13)
  2 centaurs
  An orc wizard (D:11)
5 creatures vanquished.

Grand Total: 508 creatures vanquished

Notes
Turn   | Place    | Note
-------+----------+-------------------------------------------
     0 | D:1      | theElss the Gargoyle Berserker began the quest for the Orb.
     0 | D:1      | Reached XP level 1. HP: 14/14 MP: 1/1
    72 | D:1      | Reached XP level 2. HP: 17/19 MP: 2/2
   248 | D:1      | Reached XP level 3. HP: 24/24 MP: 3/3
   443 | D:1      | Reached ** piety under Trog
   707 | D:1      | Reached skill level 1 in Shields
  1230 | D:2      | Reached XP level 4. HP: 23/29 MP: 4/4
  1801 | D:2      | Reached XP level 5. HP: 30/33 MP: 5/5
  1905 | D:3      | Reached *** piety under Trog
  1905 | D:3      | Reached skill level 5 in Maces & Flails
  2103 | D:3      | Reached XP level 6. HP: 36/38 MP: 6/6
  2303 | D:3      | Identified a +2 pair of boots of running (You found it on level 3 of the Dungeon)
  2906 | D:4      | You fall through a shaft for 3 floors!
  2906 | D:7      | Noticed a yak
  2906 | D:7      | Noticed a yak
  2906 | D:7      | Noticed a yak
  2906 | D:7      | Noticed a yak
  2906 | D:7      | Noticed a yak
  2906 | D:7      | Noticed a yak
  2928 | D:6      | Killed a yak
  2928 | D:6      | Reached XP level 7. HP: 43/44 MP: 5/7
  3303 | D:5      | Entered Level 5 of the Dungeon
  3459 | D:5      | Reached **** piety under Trog
  3515 | D:5      | Reached skill level 5 in Fighting
  3515 | D:5      | Reached XP level 8. HP: 34/49 MP: 5/8
  4764 | D:5      | Reached skill level 5 in Shields
  5093 | D:6      | Received a gift from Trog
  5223 | D:6      | Reached skill level 5 in Armour
  5223 | D:6      | Reached XP level 9. HP: 55/55 MP: 9/9
  5942 | D:7      | Found a staircase to the Ecumenical Temple.
  6486 | D:8      | Found a shadowy altar of Dithmenos.
  6602 | D:8      | Reached skill level 10 in Maces & Flails
  6602 | D:8      | Reached XP level 10. HP: 54/61 MP: 10/10
  6607 | D:8      | Reached ***** piety under Trog
  7810 | D:9      | Noticed Psyche
  7823 | D:9      | Killed Psyche
  7907 | D:9      | Noticed Maurice
  7969 | D:9      | Killed Maurice
  8029 | D:9      | Found a staircase to the Orcish Mines.
  8140 | D:9      | Reached XP level 11. HP: 39/67 MP: 11/11
  8266 | D:9      | Received a gift from Trog
  8295 | D:9      | Found a basalt altar of Yredelemnul.
  8697 | D:10     | Entered Level 10 of the Dungeon
  9037 | D:10     | Noticed a hill giant
  9038 | D:10     | Noticed an eight-headed hydra
  9043 | D:10     | Killed a hill giant
  9043 | D:10     | Reached skill level 10 in Shields
  9049 | D:10     | Killed an eight-headed hydra
  9408 | D:10     | Noticed a hill giant
  9414 | D:10     | Killed a hill giant
  9471 | D:10     | Noticed a hill giant
  9504 | D:10     | Killed a hill giant
  9965 | D:10     | Found a staircase to the Lair.
 10430 | D:11     | Received a gift from Trog
 10433 | D:11     | Noticed Nergalle
 10435 | D:11     | Got a scorched morningstar {god gift}
 10441 | D:11     | Killed Nergalle
 10480 | D:11     | Identified the +3 morningstar "Ummub" {crush, *Slow Str-5 Int+4 Stlth+} (Trog gifted it to you on level 11 of the Dungeon)
 10640 | D:11     | Reached XP level 12. HP: 74/75 MP: 12/12
 11700 | D:12     | Found a portal to a secret trove of treasure.
 11828 | D:12     | Noticed Nessos
 11837 | D:12     | Killed Nessos
 12125 | D:13     | Noticed Sonja
 12130 | D:13     | Killed Sonja
 12155 | D:13     | Noticed Turgon's ghost (journeyman OpBe)
 12213 | D:13     | Killed Turgon's ghost
 12590 | D:13     | Noticed a ghost crab
 12606 | D:13     | Killed a ghost crab
 12606 | D:13     | Reached ****** piety under Trog
 12669 | D:13     | Reached XP level 13. HP: 78/81 MP: 13/13
 12766 | D:13     | Reached skill level 10 in Fighting
 13151 | D:13     | Found a gate to the Vaults.
 13355 | D:14     | HP: 6/123 [slime creature (8)]
 13772 | D:14     | Received a gift from Trog
 14365 | D:15     | Entered Level 15 of the Dungeon
 14708 | D:15     | Received a gift from Trog
 14737 | D:15     | Gained mutation: Your large and strong wings let you fly indefinitely. [Gargoyle growth]
 14737 | D:15     | Reached XP level 14. HP: 43/88 MP: 14/14
 14973 | D:15     | Found a frozen archway.
 15040 | IceCv    | Entered an ice cave
 15051 | IceCv    | Reached skill level 10 in Armour
 15255 | IceCv    | Killed from afar by an ice dragon

Skill      XL: |  1  2  3  4  5  6  7  8  9 10 11 12 13 14 |
---------------+-------------------------------------------+-----
Shields        | 1 2 3 4 5 7 9 11 12 14 | 14.7
Maces & Flails | 4 5 6 8 10 11 12 13 14 | 14.7
Fighting       | 4 5 6 7 8 9 10 11 | 11.1
Armour         | 3 4 5 6 7 8 9 10 | 10.1
Dodging        | |  1.5

Action                   |  1- 3 |  4- 6 |  7- 9 | 10-12 | 13-15 || total
-------------------------+-------+-------+-------+-------+-------++-------
Melee: Mace              |   150 |   223 |   157 |       |       ||   530
       Flail             |       |       |   313 |   842 |   317 ||  1472
       Eveningstar       |       |       |       |       |   104 ||   104
Invok: Berserk           |       |     2 |     2 |     8 |     2 ||    14
       Trog's Hand       |       |     1 |       |       |     2 ||     3
       Brothers in Arms  |       |       |       |       |     1 ||     1
 Abil: Fly               |       |       |       |       |     1 ||     1
  Use: Scroll            |       |     5 |     3 |     4 |     3 ||    15
  Eat: Chunk             |     1 |     7 |    16 |    23 |     8 ||    55
       Pizza             |       |       |       |     1 |       ||     1
       Fruit             |       |       |       |     1 |       ||     1
       Beef jerky        |       |       |       |     1 |       ||     1
       Meat ration       |       |       |       |       |     1 ||     1
Armor: Animal skin       |    54 |    18 |       |       |       ||    72
       Ring mail         |       |   102 |    57 |       |       ||   159
       Chain mail        |       |       |   112 |   443 |   248 ||   803
Dodge: Dodged            |    93 |   133 |   175 |   237 |   119 ||   757
Block: Buckler           |    16 |    38 |   123 |   311 |   206 ||   694
       Reflection        |       |       |     1 |    13 |    43 ||    57
